AoeStats
← REDFIRE36

Black Forest

510332222Analyzed
2v2 RM · 2d ago on Sep 30, 2026· 68m 50s· 4 players
Game mode
Random Map
Map size
Medium (4 player)
Population
200
Speed
Normal
Resources
Standard
Victory
Conquest
Starting age
Dark Age
Ending age
Imperial Age
RankedLock teamsTeams togetherTeam positionsShared explorationLock speedFull tech treeHidden civsTurbo modeCheats
Victory
Defeat
🇪🇸 Khmer · Spain
1291
+14
🇨🇳 Vikings · China
1258
+15
🇧🇪 Danes · Belgium
1259
-15
🇧🇪 Tupi · Belgium
1237
-14
228811348
2:44 Loom
13:26 Feudal Age
13:29 Man-at-Arms
13:56 Double-Bit Axe
14:03 Horse Collar
14:08 Man-at-Arms
15:03 Arson
16:42 Gold Mining
20:58 Castle Age
19:35 Forging
20:02 Scale Mail Armor
21:10 Long Swordsman
21:51 Squires
22:42 Chain Mail Armor
25:24 Iron Casting
25:51 Gold Shaft Mining
25:26 Bow Saw
27:19 Heavy Plow
27:13 Stone Mining
28:37 Fortified Wall
29:52 Fishing Lines
35:30 Imperial Age
34:26 Treadmill Crane
35:43 Ballistics
35:30 Fletching
36:10 Padded Archer Armor
36:06 Bodkin Arrow
36:12 Two-Handed Swordsman
37:32 Champion
39:02 Bracer
41:19 Plate Mail Armor
41:05 Siege Engineers
42:56 Blast Furnace
42:30 Masonry
43:21 Chemistry
44:33 Architecture
47:00 Two-Man Saw
46:31 Crop Rotation
47:58 Hoardings
47:47 Onager
50:12 Capped Ram
51:06 Siege Ram
52:53 Conscription
52:35 Chieftains
53:11 Hoardings
52:10 Elite Berserk
53:26 Padded Archer Armor
55:59 Pikeman
61:28 Caravan
60:53 Elite Varangian Guard
61:53 Town Watch
63:19 Town Patrol
MichiMowi
1:47 Loom
1:53 Loom
10:50 Feudal Age
11:25 Double-Bit Axe
13:36 Horse Collar
17:04 Castle Age
17:57 Bow Saw
17:43 Stone Mining
19:45 Fortified Wall
27:43 Wheelbarrow
28:41 Medium Warships
31:19 Imperial Age
33:23 Chemistry
32:17 Fletching
33:43 Gold Mining
33:56 Bodkin Arrow
34:57 Ballistics
36:04 Padded Archer Armor
38:40 Tusk Swords
38:57 Scale Barding Armor
40:10 Chain Barding Armor
42:24 Bloodlines
45:36 Husbandry
46:17 Plate Barding Armor
46:07 Conscription
46:14 Forging
46:27 Hand Cart
46:00 Town Watch
47:10 Gold Shaft Mining
47:05 Cavalier
48:30 Iron Casting
48:47 Siege Engineers
49:18 Heavy Plow
51:53 Blast Furnace
51:47 Light Cavalry
52:30 Hussar
54:35 Onager
55:52 Caravan
57:22 Stone Shaft Mining
57:35 Bracer
64:33 Scale Mail Armor
64:48 Leather Archer Armor
REDFIRE36
11:30 Feudal Age
15:54 Castle Age
17:44 Fletching
20:24 Bodkin Arrow
25:56 Stone Mining
25:59 Horse Collar
26:04 Double-Bit Axe
37:50 Imperial Age
37:21 Caciques
37:18 Padded Archer Armor
38:36 Onager
40:50 Loom
41:41 Wheelbarrow
40:51 Town Watch
45:04 Elite Ibirapema Warrior
45:45 Squires
45:30 Arson
45:25 Pikeman
46:53 Squires
46:38 Arson
47:01 Scale Mail Armor
47:12 Forging
47:09 Squires
46:54 Arson
46:43 Halberdier
50:34 Capped Ram
50:35 Heavy Scorpion
53:27 Hand Cart
53:12 Town Patrol
53:27 Heavy Plow
53:37 Bow Saw
53:18 Gold Mining
56:31 Siege Ram
63:55 Elite Skirmisher
Best Overtime 12
0:57 Loom
12:42 Feudal Age
17:14 Castle Age
18:48 Double-Bit Axe
23:58 Fishing Lines
28:57 Horse Collar
30:36 Wheelbarrow
30:12 Gillnets
34:03 Gold Mining
38:45 Imperial Age
36:25 Fletching
37:25 Ballistics
37:34 Bodkin Arrow
39:58 Hand Cart
39:29 Town Watch
40:35 Forging
40:26 Bracer
40:05 Heavy Scorpion
42:08 Chemistry
42:28 Squires
42:14 Gambesons
43:53 Elite Jomsviking
46:53 Iron Casting
46:18 Scale Mail Armor
48:02 Pikeman
51:49 Scale Barding Armor
52:44 Blast Furnace
52:23 Husbandry
52:33 Bloodlines
52:44 Heavy Plow
52:31 Light Cavalry
53:38 Bow Saw
61:06 Caravan
68:32 Chain Barding Armor
Connection lost

Rejoining the realm…

Still unreachable

The connection could not be restored.

Session expired

The server has moved on; the page needs a fresh start.